 Dungeon Crawl Stone Soup version 0.21.1-1-g345015fe64 (webtiles) character file.

683 Oravi the Changer (level 7, 0/48 HPs)
             Began as a Merfolk Transmuter on Apr 28, 2018.
             Was a Believer of Qazlal.
             Shot with an arrow by a centaur (9 damage)
             ... on level 6 of the Dungeon.
             The game lasted 00:22:33 (5123 turns).

Oravi the Changer (Merfolk Transmuter)              Turns: 5123, Time: 00:22:34

Health: 0/48       AC:  2    Str: 10    XL:     7   Next: 61%
Magic:  4/10       EV: 21    Int: 14    God:    Qazlal [**....]
Gold:   129        SH:  2    Dex: 20    Spells: 4/10 levels left

rFire    . . .     SeeInvis .     - Unarmed
rCold    . . .     Gourm    .   (shield currently unavailable)
rNeg     . . .     Faith    .   (armour currently unavailable)
rPois    x         Spirit   .   (helmet currently unavailable)
rElec    .         Reflect  .   (cloak currently unavailable)
rCorr    .         Harm     .   (gloves currently unavailable)
MR       .....                  (boots currently unavailable)
Stlth    +.........             w - amulet of regeneration
HPRegen  0.56/turn              (no ring)
MPRegen  0.12/turn              (no ring)

@: about to teleport, spider-form
A: tiny, (change form in water), (swift swim), (stealthy swim)
a: End Transformation, Upheaval, Renounce Religion


You were on level 6 of the Dungeon.
You worshipped Qazlal.
Qazlal was pleased with you.
You were not hungry.
You were a venomous arachnid creature.
You visited 1 branch of the dungeon, and saw 6 of its levels.

You collected 233 gold pieces.
You spent 104 gold pieces at shops.

Inventory:

Missiles
 a - 81 arrows
 g - 213 stones (quivered)
 t - 3 tomahawks
 v - a throwing net
Armour
 b - a +0 robe (melded)
 i - a +0 pair of boots (melded)
 n - a +2 leather armour of cold resistance
 r - a +0 pair of gloves (melded)
Magical Staves
 m - an uncursed staff of energy {unknown}
Jewellery
 w - an amulet of regeneration (around neck)
Scrolls
 e - 2 scrolls of identify
 f - 3 scrolls of remove curse
 h - a scroll of magic mapping
 k - 2 scrolls of teleportation
 l - a scroll of blinking
 s - a scroll of immolation
Potions
 j - a potion of invisibility
 o - a potion of lignification
 q - a potion of agility
 u - a potion of curing {unknown}
 x - a potion of flight {unknown}
Books
 c - a book of Changes

   Spells                             Type                      Level
   a - Beastly Appendage              Transmutation                1
   b - Sticks to Snakes               Transmutation                2
   c - Spider Form                    Transmutation/Poison         3
   d - Ice Form                       Ice/Transmutation            4
   e - Blade Hands                    Transmutation                5
Comestibles
 d - 7 rations
 p - a chunk of flesh


   Skills:
 - Level 1.1 Fighting
 - Level 2.6 Dodging
 + Level 6.5 Unarmed Combat
 - Level 2.0 Spellcasting
 * Level 7.6 Transmutations
 - Level 3.0 Poison Magic


You had 4 spell levels left.
You knew the following spells:

 Your Spells              Type           Power        Failure   Level  Hunger
a - Spider Form           Tmut/Pois      ###.......   21%         3    ####...
b - Sticks to Snakes      Tmut           ###.....     7%          2    ###....
c - Beastly Appendage     Tmut           ###...       5%          1    ##.....


Dungeon Overview and Level Annotations

Branches:
Dungeon (6/15)
 Temple: D:4-7

Altars:
Cheibriados
Fedhas
Kikubaaqudgha
Qazlal
Uskayaw
Wu Jian

Shops:
D:4 ?

Annotations:
D:2 1 runed door


Message History

The centaur shoots an arrow.
The arrow completely misses you. You block the orc's attack.
You hear a shout!
You bite the orc!
You kill the orc!
Qazlal accepts your kill.
You hear a shout!
The centaur shoots an arrow.
The arrow hits you.
You barely miss the orc.
The centaur shoots an arrow.
The arrow completely misses you. The orc misses you.
The centaur shoots an arrow.
The arrow hits you.
You hit the orc.
The orc is poisoned.
The orc is almost dead.
You kill the orc!
Qazlal accepts your kill.
The orc wizard gestures at you while chanting.
The magic dart hits you!
* * * LOW HITPOINT WARNING * * *
The centaur shoots an arrow.
The arrow hits you!
You die...

.# ## .# ..
.######### .#
..>......## .#
.######.#.#######.#
.# #.###........#
.#
##.#.######o.####.#
## ##.## #.......c
### #s####### #)#
#l# #r# ... ... ...
##.##


You could see a centaur, an orc wizard, a leopard gecko and a quokka.

Vanquished Creatures
  An orc warrior (D:5)
  A centaur (D:5)
  A scorpion (D:6)
  A crimson imp (D:5)
  A hound (D:6)
  6 orc wizards
  An orc priest (D:6)
  An iguana (D:5)
  A hound zombie (D:6)
  A hound skeleton (D:6)
  An adder (D:2)
  A shadow imp (D:5)
  2 oozes
  3 worms
  A dart slug (D:2)
  5 leopard geckos
  20 orcs
  9 bats
  4 giant cockroaches
  11 goblins
  7 hobgoblins
  3 jackals (D:1)
  2 quokkas
  3 ball pythons
  6 frilled lizards
  A jackal skeleton (D:4)
  4 kobolds
  A quokka zombie (D:5)
  7 rats
106 creatures vanquished.

Vanquished Creatures (collateral kills)
  An adder (D:2)
1 creature vanquished.

Grand Total: 107 creatures vanquished

Notes
Turn   | Place    | Note
-------+----------+-------------------------------------------
     0 | D:1      | Oravi the Merfolk Transmuter began the quest for the Orb.
     0 | D:1      | Reached XP level 1. HP: 15/15 MP: 3/3
   222 | D:1      | Reached skill level 3 in Transmutations
   251 | D:1      | Reached XP level 2. HP: 10/21 MP: 3/5
   991 | D:1      | Reached XP level 3. HP: 26/26 MP: 3/6
  1269 | D:2      | Found a stormy altar of Qazlal.
  1291 | D:2      | Became a worshipper of Qazlal Stormbringer
  1302 | D:2      | Learned a level 2 spell: Sticks to Snakes
  1306 | D:2      | Learned a level 3 spell: Spider Form
  1465 | D:2      | Reached skill level 4 in Transmutations
  1702 | D:2      | Found a runed door.
  2075 | D:2      | Reached XP level 4. HP: 25/32 MP: 7/7
  2488 | D:3      | Found a snail-covered altar of Cheibriados.
  2742 | D:4      | Reached * piety under Qazlal
  2969 | D:4      | Reached skill level 1 in Poison Magic
  3061 | D:3      | Found a blossoming altar of Fedhas.
  3437 | D:4      | Reached skill level 5 in Transmutations
  3453 | D:4      | Reached XP level 5. HP: 2/37 MP: 4/8
  3793 | D:4      | Found Bymim's Magic Scroll Boutique.
  3801 | D:4      | Bought a scroll of identify for 22 gold pieces
  3801 | D:4      | Bought a scroll of blinking for 82 gold pieces
  3828 | D:4      | Noticed a hand axe
  3829 | D:4      | Found a hide-covered altar of Uskayaw.
  3829 | D:4      | Noticed a hand axe
  4306 | D:5      | Entered Level 5 of the Dungeon
  4430 | D:5      | Found an ancient bone altar of Kikubaaqudgha.
  4509 | D:5      | Reached skill level 5 in Unarmed Combat
  4509 | D:5      | Reached XP level 6. HP: 40/43 MP: 4/9
  4546 | D:5      | HP: 1/64 [centaur (8)]
  4549 | D:5      | Reached skill level 6 in Transmutations
  4618 | D:5      | Found an ornate altar of the Wu Jian Council.
  4651 | D:5      | Reached ** piety under Qazlal
  4949 | D:6      | Noticed an orc warrior
  4960 | D:5      | Reached XP level 7. HP: 48/48 MP: 7/10
  4979 | D:5      | Reached skill level 7 in Transmutations
  5123 | D:6      | Shot with an arrow by a centaur

Skill      XL: |  1  2  3  4  5  6  7 |
---------------+----------------------+-----
Transmutations | 3 4 5 6 7 |  7.6
Unarmed Combat | 4 5 6 |  6.5
Poison Magic   | 1 2 3 |  3.0
Fighting       | |  1.1
Dodging        | |  2.6
Spellcasting   | |  2.0

Action                   |  1- 3 |  4- 6 |  7- 9 || total
-------------------------+-------+-------+-------++-------
Melee: Unarmed           |    81 |   156 |    38 ||   275
       Headbutt          |    10 |       |       ||    10
Throw: Stone             |    78 |    46 |       ||   124
 Cast: Beastly Appendage |    21 |     1 |       ||    22
       Spider Form       |     3 |    25 |     5 ||    33
       Sticks to Snakes  |     3 |       |       ||     3
  Use: Scroll            |     8 |     6 |     1 ||    15
       Potion            |       |     2 |       ||     2
  Eat: Chunk             |     5 |     8 |       ||    13
       Ration            |       |     2 |       ||     2
Armor: Robe              |    13 |     6 |     1 ||    20
       Skin              |     1 |     3 |     2 ||     6
Dodge: Dodged            |    71 |   122 |    38 ||   231
Block: Other             |       |     4 |     2 ||     6
